 Dungeon Crawl Stone Soup version 0.31-a0-1529-g7bd419a0e5 (webtiles) character file.

Game seed: 11835043924799930072

52 mopl the Ruffian (level 4, -9/49 HPs)
             Began as a Djinni Shapeshifter on Dec 31, 2023.
             Killed by divine providence
             ... invoked by an orc priest
              (12 damage)
             ... on level 3 of the Dungeon.
             The game lasted 00:02:34 (1711 turns).

mopl the Ruffian (Djinni Shapeshifter)              Turns: 1711, Time: 00:02:34

Health: -9/49      AC: 22    Str: 15    XL:     4   Next: 8%
Gold:   153        EV:  2    Int: 11    God:
                   SH:  0    Dex: 13

rFire   . .          .
                       - Unarmed
rCold   + . .        (no shield)
rNeg    . . .        h - melded +0 ring mail
rPois   ∞            (helmet currently unavailable)
rElec   .            (cloak currently unavailable)
rCorr   .            (gloves currently unavailable)
SInv    .            (boots unavailable)
Will    .....        (no amulet)
Stlth   +            v - ring of protection from cold
HPRegen 0.28/turn    (no ring)
MPRegen 0.00/turn

%: infuse magic (-10 HP)
@: tree-form
A: stationary, stasis, torment immunity, boosted hp, sickness immunity, (fire
resistance 2), (cold vulnerability 1), float, innate caster, HP casting, extra
vitality 1
a: no special abilities


You were on level 3 of the Dungeon.
You were a tree.
You visited 1 branch of the dungeon, and saw 3 of its levels.

You collected 153 gold pieces.

Inventory:

Missiles
 q - 6 poisoned darts
 w - 4 boomerangs
Armour
 h - a +0 ring mail (melded)
Jewellery
 v - a ring of protection from cold (left branch)
Talismans
 c - a beast talisman
 d - a flux talisman
 n - a serpent talisman
 u - a blade talisman
Scrolls
 f - 2 scrolls of immolation {unknown}
 j - 4 scrolls of identify {unknown}
 o - a scroll of revelation {unknown}
 p - a scroll of enchant weapon {unknown}
 r - 2 scrolls of poison {unknown}
 s - a scroll of noise {unknown}
 t - a scroll of amnesia {unknown}
 x - a scroll of acquirement {unknown}
Potions
 a - a potion of cancellation {unknown}
 e - a potion of ambrosia
 g - 2 potions of mutation {unknown}
 i - 3 potions of curing {unknown}
 k - a potion of brilliance {unknown}
 l - a potion of magic {unknown}
 m - a potion of might {unknown}


   Skills:
 + Level 1.7 Fighting
 + Level 2.3 Dodging
 * Level 3.7 Unarmed Combat
 * Level 3.2 Shapeshifting


You knew the following spells:

 Your Spells              Type           Power      Damage    Failure   Level
a - Sting                 Conj/Alch      0%         1d3       34%         1
Your spell library was empty.

Dungeon Overview and Level Annotations

Branches:
Dungeon (3/15)

Altars:
Gozag
Ru


Innate Abilities, Weirdness & Mutations

You are a tree.
Your roots penetrate the ground, keeping you stationary.
You cannot be teleported.
You are immune to unholy pain and torment.
Your maximum health is greatly increased.
Your equipment is partially melded.
You are immune to sickness and miasma.
You are immune to poison.
((Your flesh is very heat resistant. (rF++)))
((You are vulnerable to cold. (rC-)))
You float through the air rather than walking.
You learn spells naturally, not from books.
Your magical power is your life essence.
You have superior vitality. (+4 MHP)


Message History

The orc closely misses you.
You hit the kobold.
The kobold is moderately wounded.
The orc completely misses you. The kobold misses you.
You hit the kobold.
You kill the kobold!
The orc hits you from afar with a +0 trident!
* * * LOW HITPOINT WARNING * * *
The orc priest calls upon Beogh to heal the orc priest.
The orc priest's wounds heal themselves!
Items here: ))) [[ ††.
You hit the orc priest but do no damage.
The orc hits you but does no damage.
The orc priest hits you with a +0 morningstar.
* * * LOW HITPOINT WARNING * * *
Your transformation has ended.
You turn into a tree.
Your +0 ring mail melds into your body.
Your roots penetrate the ground.
The orc hits you but does no damage.
The orc priest hits you but does no damage.
Unknown command.
You hit the orc priest but do no damage.
The orc hits you with a +0 trident.
* * * LOW HITPOINT WARNING * * *
The orc priest hits you but does no damage.
You barely miss the orc priest. The orc hits you but does no damage.
The orc priest hits you with a +0 morningstar.
* * * LOW HITPOINT WARNING * * *
You barely miss the orc priest. The orc barely misses you.
The orc priest hits you but does no damage.
You hit the orc priest.
The orc priest is moderately wounded.
The orc hits you but does no damage.
The orc priest hits you with a +0 morningstar.
* * * LOW HITPOINT WARNING * * *
You smack the orc priest!
The orc priest is almost dead.
The orc hits you but does no damage.
The orc priest mumbles some strange prayers to Beogh against you.
Beogh smites you!
You die...

..... ....####....#
#...##.#....
.....####.........#
#...##.#.... ?...
..#####.....#
#...##.#....
....#.#.........#
#....#.#....
#+##.#.#.####'####.#
#....#.#....
.....o.oo'oo.....+.#
#.........##
......##.#.#oo.#.#.#
#...##.#####
.....)o..#.#.o.#.#.#
#...##.##...
......#.##.#...#♣#.#
#...##.##+##
......#..'....ooo'.#
#...##.....#
......#######'######
#...##......
......#####...#
######.....†
......+......##
#.####.
......######## #.
...... #. .. ##


You could see 2 orc priests and an orc.

Vanquished Creatures
  A dart slug (D:1)
  7 orcs (D:3)
  A ball python (D:3)
  4 bats
  4 endoplasms
  3 giant cockroaches
  3 goblins (D:2)
  2 hobgoblins (D:1)
  7 kobolds
  A quokka (D:1)
  2 frilled lizards
  4 rats
39 creatures vanquished.

Notes
Turn   | Place    | Note
-------+----------+-------------------------------------------
     0 | D:1      | mopl the Djinni Shapeshifter began the quest for the Orb.
     0 | D:1      | Reached XP level 1. HP: 17/17 MP: 0/0
    78 | D:1      | Reached XP level 2. HP: 8/22 MP: 0/0
   271 | D:1      | Reached skill level 3 in Shapeshifting
   355 | D:1      | Reached XP level 3. HP: 27/27 MP: 0/0
   355 | D:1      | Learned a level 1 spell: Sting
  1093 | D:2      | Found an opulent altar of Gozag.
  1637 | D:3      | Found a sacrificial altar of Ru.
  1693 | D:3      | Reached XP level 4. HP: 33/33 MP: 0/0
  1711 | D:3      | Killed from afar by an orc priest

Illustrated notes

Levels and vault maps discovered:
D:1:      scummos_arrival_hexagon, layout_loops_ring
D:2:      layout_basic, basic_altar
D:3:      layout_basic, mainiacjoe_overflow_six_doors_small

Skill      XL: |  1  2 |
---------------+-------+-----
Shapeshifting  | 3 |  3.2
Fighting       | |  1.7
Dodging        | |  2.3
Unarmed Combat | |  3.7

Action                     |  1- 3 |  4- 6 || total
---------------------------+-------+-------++-------
  Melee: Unarmed           |   112 |    17 ||   129
         Punch             |     2 |       ||     2
    Use: Potion            |     1 |     1 ||     2
   Stab: Sleeping          |     1 |       ||     1
 Armour: Animal skin       |    18 |       ||    18
         Ring mail         |    43 |    10 ||    53
         Skin              |       |    10 ||    10
  Dodge: Dodged            |    56 |    11 ||    67

Table legend: (Time is in decaauts)
 A = Elapsed time spent in this place.
 B = Non-inter-level travel time spent in this place.
 C = Inter-level travel time spent in this place.
 D = Time resting spent in this place.
 E = Time spent auto-exploring this place.
 F = Levels seen in this place.
 G = Mean time per level.
                   A        B        C        D        E       F      G
               +--------+--------+--------+--------+--------+-----+--------+
         Total |   1701 |   1655 |     46 |    157 |   1202 |   3 |  567.0 |
       Dungeon |   1701 |   1655 |     46 |    157 |   1202 |   3 |  567.0 |
               +--------+--------+--------+--------+--------+-----+--------+

Top non-repeatable levels by time:
     D:1: 842 daAuts
     D:2: 542 daAuts
     D:3: 316 daAuts
